 Dungeon Crawl Stone Soup version 0.17.0-57-g0e89251 (webtiles) character file.

328 PossumBlood the Shield-Bearer (level 6, -4/50 HPs)
             Began as a Formicid Fighter on Dec 7, 2015.
             Slain by DeXoteric's ghost (6 damage)
             ... on level 4 of the Dungeon.
             The game lasted 00:09:13 (2842 turns).

PossumBlood the Shield-Bearer (Formicid Fighter)    Turns: 2842, Time: 00:09:14

Health: -4/50      AC:  9    Str: 23    XL:     6   Next: 80%
Magic:  6/6        EV:  8    Int:  7    God:
Gold:   120        SH: 10    Dex: 10    Spells: 0 memorised, 5 levels left

rFire  . . .     SeeInvis +     a - +0 war axe
rCold  . . .     Clarity  .     b - +0 scale mail
rNeg   . . .     SustAt   .     c - +0 shield
rPois  .         Gourm    .     (helmet unavailable)
rElec  .         Spirit   .     q - +1 cloak
rCorr  .         Warding  .     (no gloves)
rMut   .         Stasis   +     (no boots)
MR     .....                    (no amulet)
Stlth  ..........               (no ring)
                                (no ring)

@: lethally poisoned (-4 -> -48), not resistant to hostile enchantments,
extremely unstealthy
A: permanent stasis, dig shafts and tunnels, four strong arms, antennae 3
a: Dig, Shaft Self


You were on level 4 of the Dungeon.
You were not hungry.

You visited 1 branch of the dungeon, and saw 4 of its levels.

You collected 120 gold pieces.

Inventory:

Hand Weapons
 a - a +0 war axe (weapon)
 p - a +4 quarterstaff of chaos
Armour
 b - a +0 scale mail (worn)
 c - a +0 shield (worn)
 q - a +1 cloak (worn)
Scrolls
 f - 2 scrolls of amnesia
Potions
 h - a potion of haste {unknown}
 m - a potion of flight {unknown}
 n - 2 potions of curing {unknown}
 s - a potion of cancellation {unknown}
Books
 t - a book of Changes

   Spells                             Type                      Level
   a - Beastly Appendage              Transmutation                1
   b - Sticks to Snakes               Transmutation                2
   c - Spider Form                    Transmutation/Poison         3
   d - Ice Form                       Ice/Transmutation            4
   e - Blade Hands                    Transmutation                5
Comestibles
 e - 4 bread rations
 j - 4 meat rations


   Skills:
 + Level 4.8 Fighting
 * Level 4.2 Axes
 + Level 4.4 Armour
 + Level 4.9 Shields


You had 5 spell levels left.
You didn't know any spells.

Dungeon Overview and Level Annotations

Branches:
Dungeon (4/15)
 Temple: D:4-7

Altars:
Fedhas
Trog
Xom

Annotations:
D:4 DeXoteric's ghost, novice VSAs; Edmund


Innate Abilities, Weirdness & Mutations

You are under a permanent stasis effect.
You can dig through walls and to a lower floor.
Your four strong arms can wield two-handed weapons with a shield.
You have a pair of large antennae on your head (SInv).


Message History

You feel very sick.
DeXoteric's ghost hits you but does no damage.
You are more poisoned.
You block Edmund's attack.
You slash DeXoteric's ghost!
DeXoteric's ghost is almost destroyed.
You hit Edmund.
Edmund is lightly wounded.
You feel very sick. DeXoteric's ghost barely misses you.
Edmund hits you with a flail of crushing!
* * * LOW HITPOINT WARNING * * *
x2 You closely miss DeXoteric's ghost.
DeXoteric's ghost is almost destroyed.
You completely miss Edmund.
Edmund is lightly wounded.
* * * LOW HITPOINT WARNING * * *
You feel very sick. DeXoteric's ghost hits you.
You die...

....... ...
........# ......
........# ......
........# ......
........###......
.^......#.....).
........#....####
....w........'...
......@@#....####
.......W#........
..$.....#.########
........#........#
........########.#
........# #.#
........# #.#
........# #.# ...#
#.#


You could see Edmund, a worm and DeXoteric's ghost.

Vanquished Creatures
  The ghost of Kloppie the Conjurer, an amateur DrCj (D:3)
  Crazy Yiuf (D:2)
  An orc wizard (D:4)
  4 adders (D:2)
  An ooze (D:2)
  2 worms
  4 giant geckos
  5 orcs
  8 bats
  8 giant cockroaches
  2 hobgoblins (D:1)
  7 jackals
  2 quokkas (D:3)
  5 giant newts
  12 goblins
  7 kobolds
  6 rats
76 creatures vanquished.

Vanquished Creatures (others)
  An orc wizard (D:4)
1 creature vanquished.

Grand Total: 77 creatures vanquished

Notes
Turn   | Place    | Note
--------------------------------------------------------------
     0 | D:1      | PossumBlood the Formicid Fighter began the quest for the Orb.
     0 | D:1      | Reached XP level 1. HP: 18/18 MP: 1/1
   146 | D:1      | Reached XP level 2. HP: 24/24 MP: 2/2
   592 | D:1      | Reached XP level 3. HP: 28/30 MP: 3/3
   808 | D:2      | Found a bloodstained altar of Trog.
  1173 | D:2      | Reached skill level 4 in Shields
  1176 | D:2      | Reached XP level 4. HP: 30/37 MP: 4/4
  1181 | D:2      | Found a shimmering altar of Xom.
  1574 | D:2      | Found a blossoming altar of Fedhas.
  1617 | D:2      | Noticed Crazy Yiuf
  1623 | D:2      | Killed Crazy Yiuf
  1623 | D:2      | Reached XP level 5. HP: 17/42 MP: 5/5
  1792 | D:3      | Noticed Kloppie's ghost (amateur DrCj)
  1800 | D:3      | Killed Kloppie's ghost
  1800 | D:3      | Reached XP level 6. HP: 22/49 MP: 6/6
  2828 | D:4      | Noticed Edmund
  2828 | D:4      | Noticed DeXoteric's ghost (novice VSAs)
  2842 | D:4      | HP: 2/50 [poisoned by DeXoteric's ghost]
  2842 | D:4      | Slain by DeXoteric's ghost

Action                   |  1- 3 |  4- 6 || total
-------------------------+-------+-------++-------
Melee: War axe           |   126 |   139 ||   265
  Use: Potion            |       |     3 ||     3
       Scroll            |       |     6 ||     6
  Eat: Bread ration      |     1 |       ||     1
       Fruit             |       |     2 ||     2
       Pizza             |       |     1 ||     1
